 Dungeon Crawl Stone Soup version 0.29-a0-1033-gb6c65ffae6 (webtiles) character file.

Game seed: 10696202643557000008

70 hikkokomori the Ducker (level 4, 0/35 HPs)
             Began as a Merfolk Gladiator on Aug 14, 2022.
             Slain by Sigmund
             ... wielding a +0 scythe
              (6 damage)
             ... on level 2 of the Dungeon.
             The game lasted 00:04:46 (1014 turns).

hikkokomori the Ducker (Merfolk Gladiator)          Turns: 1014, Time: 00:04:47

Health: 0/35       AC:  6    Str: 16    XL:     4   Next: 22%
Magic:  4/4        EV: 12    Int:  7    God:
Gold:   86         SH:  5    Dex: 15    Spells: 3/3 levels left

rFire   . . .      SeeInvis .   a - +0 trident
rCold   . . .      Faith    .   (no shield)
rNeg    . . .      Spirit   .   j - +0 ring mail
rPois   .          Reflect  +   c - +0 helmet
rElec   .          Harm     .   (no cloak)
rCorr   .          Rampage  .   (no gloves)
Will    .....                   (no boots)
Stlth   +.........              i - amulet of reflection
HPRegen 0.11/turn               g - ring of wizardry
MPRegen 0.09/turn               (no ring)

@: attractive
A: (nimble swimmer 2), mertail
a: no special abilities


You were on level 2 of the Dungeon.
You visited 1 branch of the dungeon, and saw 2 of its levels.

You collected 86 gold pieces.

Inventory:

Hand Weapons
 a - a +0 trident (weapon)
Missiles
 d - 2 throwing nets (quivered)
Armour
 b - a +0 leather armour
 c - a +0 helmet (worn)
 j - a +0 ring mail (worn)
Jewellery
 g - a ring of wizardry (left hand)
 i - an amulet of reflection (around neck)
Scrolls
 h - 2 scrolls of teleportation
 k - a scroll of fear {unknown}
 l - a scroll of identify {unknown}


   Skills:
 + Level 3.2 Fighting
 - Level 4.0 Polearms
 + Level 3.0 Throwing
 + Level 5.0 Dodging


You had 3 spell levels left.
You didn't know any spells.
Your spell library was empty.

Dungeon Overview and Level Annotations

Branches:
Dungeon (2/15)

Altars:

Shops:
D:1 [

Annotations:
D:2 Sigmund


Innate Abilities, Weirdness & Mutations

((You are very nimble when in or above water. (Stealth+, EV+, Speed+++)))
Your lower body shifts to a powerful aquatic tail in water.


Message History

You reach to attack!
You hit Sigmund but do no damage.
Sigmund is moderately wounded.
Sigmund casts a spell.
Sigmund flickers and vanishes!
Deactivating autopickup; reactivate with Ctrl-A.
Something wriggles in the net.
You closely miss the rat. The rat bites you but does no damage.
You puncture the rat!
You kill the rat!
Something wriggles in the net.
You hear some strange, mumbled words.
You are confused.
Something wriggles in the net.
You see here a rat corpse.
It was a potion of attraction.
You feel attractive to monsters.
Something wriggles in the net.
All of a sudden the net rips apart!
You bump into the rock wall.
Something hits you.
You barely miss something.
You hear some strange, mumbled words.
You are more confused.
You hear some strange, mumbled words.
A magic dart appears from out of thin air!
The magic dart hits you. Something hits you! Something is attracted toward you.
Something is attracted toward you. Something hits you but does no damage.
Something hits you. Something is attracted toward you.
You're too confused to aim your attacks!
You bump into the rock wall.
You hit something but do no damage.
You hear some strange, mumbled words.
A puff of flame appears from out of thin air!
The puff of flame hits you. Something hits you.
* * * LOW HITPOINT WARNING * * *
You aren't carrying any potions.
Unknown command.
You feel less confused.
You puncture something! Something hits you.
You die...

...####.#######+#+## ...#
#..............# #'##
#.............(###+## ..#
#....................
.....##.##...##+##+#(......
.....##.##...## .(.(.....
.....+.......'#####........
.....##.##...#.............
.....##.##...#..@..†.......
.....##. #...#..{..........
.....# #...###...<...#+##
#...# #.####.##
#...###)####..#
#..........##.#
#..........# .#
#....[.....# .#
#..........#


There were no monsters in sight!

Vanquished Creatures
  3 gnolls (D:2)
  An adder (D:2)
  A worm (D:2)
  2 dart slugs (D:2)
  A bat (D:1)
  2 giant cockroaches (D:2)
  2 goblins
  4 jackals (D:1)
  A kobold (D:2)
  3 quokkas (D:1)
  6 rats
26 creatures vanquished.

Notes
Turn   | Place    | Note
-------+----------+-------------------------------------------
     0 | D:1      | hikkokomori the Merfolk Gladiator began the quest for the
                  | Orb.
     0 | D:1      | Reached XP level 1. HP: 16/16 MP: 1/1
    83 | D:1      | Found Derauc's Armour Shoppe.
   304 | D:1      | Reached XP level 2. HP: 16/23 MP: 2/2
   793 | D:2      | Found a faded altar of an unknown god.
   847 | D:2      | Reached XP level 3. HP: 22/28 MP: 3/3
   883 | D:2      | Reached XP level 4. HP: 27/35 MP: 4/4
   973 | D:2      | Reached skill level 5 in Dodging
   991 | D:2      | Noticed Sigmund
  1014 | D:2      | Slain by Sigmund

Illustrated notes

Levels and vault maps discovered:
D:1:      onia_arrival_mini_maze_b, layout_rooms, serial_shops, shop,
          minmay_misc_feat_nine_boxes, lemuel_another_geyser
D:2:      layout_basic, basic_ecumenical_altar, serial_shops,
          nicolae_shop_hallway_plus, uniq_sigmund, uniq_terence

Skill      XL: |  1  2  3  4 |
---------------+-------------+-----
Fighting       | 3 |  3.2
Throwing       | 3 |  3.0
Dodging        | 5 |  5.0
Polearms       | |  4.0

Action                   |  1- 3 |  4- 6 || total
-------------------------+-------+-------++-------
Melee: Trident           |    91 |    12 ||   103
       Punch             |     1 |       ||     1
Throw: Dart              |       |     2 ||     2
       Javelin           |       |     1 ||     1
       Throwing net      |       |     1 ||     1
  Use: Scroll            |     2 |       ||     2
       Potion            |     1 |     1 ||     2
Armor: Leather armour    |     9 |       ||     9
       Ring mail         |    14 |     4 ||    18
Dodge: Dodged            |    36 |     2 ||    38
Block: Other             |    17 |       ||    17

Table legend: (Time is in decaauts)
 A = Elapsed time spent in this place.
 B = Non-inter-level travel time spent in this place.
 C = Inter-level travel time spent in this place.
 D = Time resting spent in this place.
 E = Time spent auto-exploring this place.
 F = Levels seen in this place.
 G = Mean time per level.
                   A        B        C        D        E       F      G
               +--------+--------+--------+--------+--------+-----+--------+
         Total |   1013 |   1006 |      7 |      0 |    553 |   2 |  506.5 |
       Dungeon |   1013 |   1006 |      7 |      0 |    553 |   2 |  506.5 |
               +--------+--------+--------+--------+--------+-----+--------+

Top non-repeatable levels by time:
     D:1: 652 daAuts
     D:2: 360 daAuts
